Map: Neon Violet Square LE

Players

axu - Winner!

  • Race: Protoss Protoss
  • League: Platinum
  • Spawn Location: 5:00

Drack

  • Race: Terran Terran
  • League: Platinum
  • Spawn Location: 11:00

VOD

Have the link to the VOD?

Description

Time

  • Played on: Jan. 9, 2018, 12:06 p.m.
  • Length: 8:15
Show
View Real Time Build Order
Export as new Build Order

axu Protoss - Winner!

Build Orders: 1 Gate Expand, Blink Stalkers 

Get SALT Encoding   

  12  0:01  Probe  
  13  0:13  Probe  
  14  0:22  Pylon  
  14  0:25  Probe  
  15  0:40  Probe  
  16  0:44  Gateway  
  16  0:53  Probe  
  17  0:58  Assimilator  
  17  1:05  Probe  
  18  1:17  Probe  
  19  1:29  Probe  
  20  1:40  Nexus  
  20  1:50  Probe  
  20  1:51  Cybernetics Core  
  20  1:54  Assimilator  
  21  2:12  Probe  
  21  2:24  Probe  
  21  2:25  Pylon  
  22  2:30  Warp Gate (Chrono Boost)  
  22  2:33  Gateway  
  22  2:36  Gateway  
  22  2:39  Probe  
  23  2:51  Probe  
  23  2:55  Probe  
  25  3:00  Pylon  
  25  3:03  Probe  
  26  3:07  Twilight Council, Probe  
  26  3:11  Stalker  
  29  3:15  Probe  
  29  3:19  Probe  
  31  3:25  Stalker  
  33  3:27  Probe  
  33  3:32  Stalker, Probe  
  37  3:39  Probe  
  38  3:42  Blink (Chrono Boost)  
  38  3:44  Probe  
  39  3:54  Probe  
  40  3:56  Probe  
  41  4:06  Probe  
  41  4:08  Probe  
  43  4:18  Probe  
  43  4:20  Probe  
  43  4:22  Forge  
  43  4:24  Pylon  
  41  4:34  Stalker x3  
  47  5:00  Stalker  
  47  5:03  Stalker  
  47  5:04  Stalker  
  42  5:27  Gateway, Probe x2  
  42  5:28  Gateway  
  44  5:30  Gateway  
  44  5:32  Assimilator  
  44  5:33  Gateway  
  44  5:34  Stalker x3  
  50  5:35  Assimilator  
  50  5:39  Probe x2  
  52  5:51  Probe  
  41  6:06  Stalker x2  
  41  6:07  Stalker  
  41  6:11  Gateway  
  47  6:30  Stalker x3  
  47  6:31  Stalker x2  
  57  6:41  Probe x2  
  59  6:47  Stalker  
  59  6:53  Probe  
  62  6:56  Probe  
  57  7:05  Probe  
  58  7:09  Stalker x2  
  58  7:10  Stalker  
  58  7:11  Stalker  
  62  7:24  Pylon  
  62  7:27  Pylon  
  62  7:31  Pylon  
  62  7:43  Probe x2  
  62  7:55  Probe x2  
Show
View Real Time Build Order
Export as new Build Order

Drack Terran 

Build Orders: Cyclone Opening 

Get SALT Encoding   

  12  0:02  SCV  
  14  0:14  SCV  
  14  0:18  Supply Depot  
  14  0:26  SCV  
  15  0:40  SCV  
  15  0:42  Barracks  
  16  0:52  SCV  
  16  0:56  Refinery  
  18  1:04  SCV  
  18  1:06  Refinery  
  18  1:16  SCV  
  19  1:28  SCV  
  20  1:39  Barracks Reactor  
  20  1:40  SCV  
  20  1:42  Supply Depot  
  21  1:52  SCV  
  22  1:56  Factory  
  22  2:04  SCV  
  23  2:16  Marine x2, SCV  
  26  2:28  SCV  
  27  2:44  Starport  
  27  2:46  Barracks Tech Lab  
  27  2:53  Supply Depot  
  27  2:54  Cyclone  
  30  3:03  Supply Depot  
  30  3:12  Orbital Command  
  30  3:14  Liberator, Cyclone  
  30  3:15  Marauder  
  40  3:42  Marine  
  40  3:47  Cyclone  
  42  4:07  Command Center  
  42  4:09  Cyclone  
  42  4:33  Marauder, Concussive Shells  
  42  4:36  Cyclone  
  36  5:02  Marauder  
  36  5:04  Cyclone  
  41  5:09  Barracks  
  35  5:27  Marauder  
  37  5:29  Barracks  
  37  5:48  Factory Tech Lab  
  38  5:50  SCV x2  
  39  6:02  SCV x2  
  39  6:04  Marauder  
  39  6:10  Barracks Reactor, Siege Tank  
  42  6:13  Barracks  
  42  6:14  Medivac, SCV  
  45  6:28  Barracks Reactor  
  45  6:34  Refinery  
  45  6:45  Marauder  
  47  6:49  SCV x2  
  40  7:01  SCV x2  
  35  7:15  Siege Tank  
  32  7:21  Marine x4  
  35  7:22  Marauder  
  35  7:38  Command Center  
  30  7:44  Marauder  
Tags
 
Add a new tag
Caveats
  • Supply blocks, unpowered buildings, or Contaminate may cause inaccurate times.
  • Supply counts are checked every 10 seconds.